 Dungeon Crawl Stone Soup version 0.29.0-7-g18a832c13a (webtiles) character file.

Game seed: 16778541614584069893

12 Zeldest the Trooper (level 2, 0/26 HPs)
             Began as a Draconian Monk on Aug 30, 2022.
             Constricted to death by a ball python (1 damage)
             ... on level 1 of the Dungeon.
             The game lasted 00:01:04 (169 turns).

Zeldest the Trooper (Draconian Monk)                 Turns: 169, Time: 00:01:05

Health: 0/26       AC:  4    Str: 13    XL:     2   Next: 20%
Magic:  2/2        EV:  9    Int: 10    God:
Gold:   10         SH:  0    Dex: 13    Spells: 1/1 levels left

rFire   . . .      SeeInvis .   a - +0 falchion
rCold   . . .      Faith    .   (no shield)
rNeg    . . .      Spirit   .   (body armour unavailable)
rPois   .          Reflect  .   (helmet restricted)
rElec   .          Harm     .   (no cloak)
rCorr   .          Rampage  .   (no gloves)
Will    .....                   (no boots)
Stlth   ++........              (no amulet)
HPRegen 0.08/turn               (no ring)
MPRegen 0.08/turn               (no ring)

@: constricted
A: AC +4, unfitting armour, cold-blooded
a: no special abilities


You were on level 1 of the Dungeon.
You visited 1 branch of the dungeon, and saw 1 of its levels.

You collected 10 gold pieces.

Inventory:

Hand Weapons
 a - a +0 falchion (weapon)
Scrolls
 b - a scroll of immolation


   Skills:
 + Level 3.5 Fighting
 * Level 3.3 Long Blades
 + Level 2.8 Dodging
 - Level 1.7 Stealth


You had one spell level left.
You didn't know any spells.
Your spell library was empty.

Dungeon Overview and Level Annotations

Branches:
Dungeon (1/15)

Altars:


Innate Abilities, Weirdness & Mutations

Your plain brown scales are hard. (AC +4)
You cannot fit into any form of body armour.
You are cold-blooded and may be slowed by cold attacks.


Message History

The hobgoblin hits you. The bat closely misses you.
You barely miss the hobgoblin. You tail-slap the hobgoblin.
The hobgoblin is almost dead.
The bat barely misses you. The hobgoblin hits you.
* * * LOW HITPOINT WARNING * * *
The ball python barely misses you. The ball python closely misses you.
The hobgoblin hits you.
* * * LOW HITPOINT WARNING * * *
The bat hits you but does no damage.
Okay, then.
The bat misses you. The bat hits you but does no damage.
As you read the scroll labelled KASHOI LEID, it crumbles to dust.
It is a scroll of identify.
b - a scroll of immolation The bat hits you but does no damage.
The ball python bites you but does no damage.
The ball python closely misses you. The hobgoblin misses you.
The rat attacks as you move away! The rat misses you.
The ball python bites you.
* * * LOW HITPOINT WARNING * * *
The ball python closely misses you. The bat closely misses you.
The bat misses you.
The ball python bites you but does no damage.
The ball python closely misses you. The bat closely misses you.
The ball python attacks as you move away!
The ball python bites you but does no damage.
The bat hits you but does no damage. x2
The bat barely misses you. The bat hits you but does no damage.
Found 14 gold pieces.
You hit the ball python.
The ball python is heavily wounded.
The ball python bites you but does no damage.
The ball python grabs you. The ball python constricts you.
* * * LOW HITPOINT WARNING * * *
You hit the ball python.
The ball python is severely wounded.
The ball python completely misses you. The ball python constricts you.
You die...

#. ##.... .#####.....
.......#..
......##..##.... $#
.............$.# ###.#
.......##......##....#
.......##....#bS@.#
.......##.....g######
.......#.....##.......
.......#..........####
##................#
..$##.............#
...)).............#
##.†........)†....#
.....#.............#


You could see a hobgoblin, a bat and a ball python.

Vanquished Creatures
  An endoplasm (D:1)
  A giant cockroach (D:1)
  2 goblins (D:1)
  A hobgoblin (D:1)
  A kobold (D:1)
  3 quokkas (D:1)
9 creatures vanquished.

Notes
Turn   | Place    | Note
-------+----------+-------------------------------------------
     0 | D:1      | Zeldest the Draconian Monk began the quest for the Orb.
     0 | D:1      | Reached XP level 1. HP: 19/19 MP: 1/1
   124 | D:1      | Reached XP level 2. HP: 24/26 MP: 2/2
   161 | D:1      | HP: 1/26 [ball python (1)]
   168 | D:1      | HP: 1/26 [constriction (1)]
   169 | D:1      | Constricted to death by a ball python

Illustrated notes

Levels and vault maps discovered:
D:1:      heliophobic_arrival_enchanted_forest, layout_rooms,
          basic_ecumenical_altar, minmay_bisected

Action                   || total
-------------------------++-------
Melee: Falchion          ||    54
       Tailslap          ||     5
  Use: Potion            ||     1
       Scroll            ||     1
Armor: Skin              ||    40
Dodge: Dodged            ||    81
